 Dungeon Sprint DCSS version 0.18-a0-1655-ge2d8d33 (webtiles) character file.

15700000 namelastname112 the Plane Walker (level 27, -11/149 HPs)
             Began as a Felid Warper on Mar 30, 2016.
             Was the Champion of Makhleb.
             Killed from afar by a wretched soul (71 damage)
             ... with a bolt of negative energy
             ... in the Dungeon (Sprint VIII: "Arena of Blood").
             The game lasted 00:03:37 (157 turns).

namelastname112 the Plane Walker (Felid Warper)      Turns: 157, Time: 00:03:38

Health: -11/149    AC:  3    Str:  7    XL:     27
Magic:  55/55      EV: 45    Int: 16    God:    Makhleb [******]
Gold:   0          SH:  0    Dex: 27    Spells: 1 memorised, 79 levels left
                                        Lives:  0   Deaths: 8

rFire  . . .     SeeInvis +       - Unarmed
rCold  + . .     Gourm    .     (armour unavailable)
rNeg   . . .     Faith    .     (shield unavailable)
rPois  .         Spirit   .     (helmet unavailable)
rElec  .         Dismiss  .     (cloak unavailable)
rCorr  .         Reflect  .     (gloves unavailable)
SustAt .         Harm     .     (boots unavailable)
MR     ++++.     NoTele   +     (no amulet)
Stlth  ++++++++++               (no ring)
                                i - +27000 ring of slaying

@: very slightly contaminated, drained, quick, incredibly resistant to hostile
enchantments, uncannily stealthy
A: no armour, no weapons or thrown items, claws 1, fangs 3, see invisible,
carnivore 3, speed 1, shaggy fur 3, slow metabolism 1, sharp paws
a: Minor Destruction, Lesser Servant of Makhleb, Major Destruction, Greater
Servant of Makhleb, Renounce Religion


You were in the Dungeon.
You worshipped Makhleb.
Makhleb was exalted by your worship.
You were not hungry.

You visited 1 branch

Inventory:

Jewellery
 i - a +27000 ring of slaying (left paw)
Scrolls
 b - a scroll of blinking
Potions
 d - a potion of curing
 e - a potion of heal wounds
 f - a potion of haste
 g - 2 potions of magic
 h - a potion of berserk rage
Books
 a - a book of Spatial Translocations

   Spells                             Type                      Level
   a - Apportation                    Translocation                1
   b - Blink                          Translocation                2
   c - Shroud of Golubria             Charms/Translocation         2
   d - Portal Projectile              Translocation                3
   e - Teleport Other                 Translocation                3
   f - Passage of Golubria            Translocation                4
Comestibles
 c - a meat ration


   Skills:
 O Level 27(25.5) Fighting
 O Level 27(25.5) Dodging
 O Level 27(25.5) Stealth
 O Level 27(25.5) Unarmed Combat
 O Level 27(25.5) Spellcasting
 O Level 27(25.5) Translocations
 O Level 27(25.5) Invocations


You had 79 spell levels left.
You knew the following spells:

 Your Spells              Type           Power        Failure   Level  Hunger
a - Apportation           Tloc           #######...   0%          1    None


Dungeon Overview and Level Annotations

Branches:
Dungeon (1/1)

Altars:
Makhleb

Annotations:
D The Captor, The Defiler, The Meatlord


Innate Abilities, Weirdness & Mutations

You cannot wear armour.
You are incapable of wielding weapons or throwing items.
You have sharp claws.
You have razor-sharp teeth.
You have supernaturally acute eyesight.
You are carnivorous and can eat meat at any time.
You cover ground quickly.
Your thick and shaggy fur keeps you warm (AC +3, rC+).
You have a slow metabolism.
Your sharp claws are effective at attacking unaware monsters.


Message History

The fleshlord shouts!
You eviscerate the fleshlord!!!!!!!!!!!
You kill the fleshlord!
Makhleb accepts your kill.
You feel better.
You hear a shout! x3
The crawling corpse is engulfed in roaring flames.
The crawling corpse is destroyed!
The fleshlord hits you with a +9 great mace!!!!
Ouch! That really hurt!
The crawling corpse is engulfed in roaring flames.
A crawling corpse merges with a small abomination to form a large abomination. x2
The crawling corpse is engulfed in roaring flames.
The crawling corpse is destroyed!
The meat berserker is engulfed in roaring flames.
The wretched soul breathes negative energy at you.
The bolt of negative energy hits the accursed.
The accursed completely resists.
The bolt of negative energy hits you!
You feel drained.
You die...

o.V#)x)x.x.x.......
###...#o@§xW.........
.###...oxo#X§po.x......%
#...W..DoS§§X)@.....p2.%
...p#%.O§§W.))))).......
.....#x))§G%§C#)@)o)..#
..%.%M..#.z.%%#ooXp)W%#
.....#p.M.V.###xo.)G..##
#..%...@.p%&..o%o###).D.
##%....)S#..W...Do_.....
#o.W..#)))....#W§W§.#..
..###...).%..))#ooW._#..
. #..%.#)))..))#o)...# .
.....O.#.....W)._.....
%.p..z.%.......###W%..
.%.........###.%.§...##
....o...... #.%.....#


You could see The Meatlord, 2 accurseds, an eight-headed meat hydra, a
destroyer, an observer (invisible), 2 scourges, 5 fleshlords, a sculptor of
flesh, a large bag of meat (inner flame), 2 large abominations, The Defiler, 2
wretched souls, 3 dreads, The Captor, a meat berserker (berserk), 7 bags of meat
and 3 crawling corpses.

Vanquished Creatures
  2 hell knights (D)
  7 hell beasts (D)
  2 greater mummies (D)
  4 great orbs of eyes (D)
  5 wraiths (D)
  Harold (D)
  11 vampire knights (D)
  26 ogres (D)
  4 liches (D)
  A hydra (D)
  35 orcs (D)
  2 phantoms (D)
  9 hill giants (D)
  7 skeletal warriors (D)
  2 large abominations (D)
  3 small abominations (D)
  A crawling corpse (D)
122 creatures vanquished.

Vanquished Creatures (others)
  3 ogres (D)
  2 hydras (D)
  32 orcs (D)
  A hill giant (D)
  A sea snake (D)
  A large abomination (D)
  2 small abominations (D)
  19 crawling corpses (D)
61 creatures vanquished.

Grand Total: 183 creatures vanquished

Notes
Turn   | Place    | Note
--------------------------------------------------------------
     0 | D        | namelastname112 the Felid Warper began the quest for the Orb.
     0 | D        | Reached XP level 1. HP: 9/9 MP: 4/4
     4 | D        | Became a worshipper of Makhleb the Destroyer
    11 | D        | Noticed a bag of meat
    12 | D        | Noticed a bag of meat
    14 | D        | Noticed a meat berserker
    15 | D        | Killed a bag of meat
    15 | D        | Reached XP level 2. HP: 21/21 MP: 4/15
    15 | D        | Reached XP level 3. HP: 24/24 MP: 4/16
    15 | D        | Reached XP level 4. HP: 28/28 MP: 4/18
    15 | D        | Reached XP level 5. HP: 31/31 MP: 4/19
    15 | D        | Gained mutation: You are covered in thick fur (AC +2). [Felid growth]
    15 | D        | Reached XP level 6. HP: 36/36 MP: 4/21
    15 | D        | Reached XP level 7. HP: 39/39 MP: 4/22
    15 | D        | Reached XP level 8. HP: 43/43 MP: 4/24
    15 | D        | Reached XP level 9. HP: 46/46 MP: 4/25
    15 | D        | Reached XP level 10. HP: 51/51 MP: 4/26
    15 | D        | Reached XP level 11. HP: 54/54 MP: 4/27
    16 | D        | Noticed a bag of meat
    17 | D        | Noticed a meat berserker
    18 | D        | Noticed a meat berserker
    18 | D        | Noticed a meat berserker
    19 | D        | Noticed a bag of meat
    20 | D        | Killed a meat berserker
    20 | D        | Reached * piety under Makhleb
    20 | D        | Reached skill level 15 in Spellcasting
    20 | D        | Reached skill level 27 in Translocations
    20 | D        | Gained mutation: Your thick and shaggy fur keeps you warm (AC +3, rC+). [Felid growth]
    20 | D        | Reached XP level 12. HP: 63/63 MP: 4/32
    20 | D        | Reached XP level 13. HP: 66/66 MP: 4/33
    21 | D        | Noticed a bag of meat
    21 | D        | Killed a meat berserker
    21 | D        | Reached skill level 15 in Fighting
    21 | D        | Reached skill level 15 in Unarmed Combat
    21 | D        | Reached XP level 14. HP: 74/74 MP: 5/36
    22 | D        | Noticed a large bag of meat
    22 | D        | Killed a meat berserker
    22 | D        | Reached ** piety under Makhleb
    22 | D        | Reached skill level 27 in Dodging
    22 | D        | Reached XP level 15. HP: 81/81 MP: 5/39
    23 | D        | Noticed a meat berserker
    23 | D        | Noticed a destroyer
    24 | D        | Noticed a large bag of meat
    24 | D        | Killed a meat berserker
    24 | D        | Reached *** piety under Makhleb
    24 | D        | Reached XP level 16. HP: 91/91 MP: 5/44
    27 | D        | Killed a meat berserker
    27 | D        | Reached **** piety under Makhleb
    27 | D        | Reached XP level 17. HP: 99/99 MP: 6/47
    29 | D        | Noticed a meat berserker
    29 | D        | Killed a destroyer
    29 | D        | Reached skill level 27 in Fighting
    29 | D        | Reached skill level 27 in Unarmed Combat
    29 | D        | Reached skill level 27 in Spellcasting
    29 | D        | Reached XP level 18. HP: 109/109 MP: 6/50
    30 | D        | Noticed a large bag of meat
    30 | D        | Reached ***** piety under Makhleb
    30 | D        | Reached skill level 10 in Invocations
    32 | D        | Noticed a large bag of meat
    33 | D        | Killed a meat berserker
    33 | D        | Annihilated by a large bag of meat
    34 | D        | Reached XP level 17. HP: -70/104 MP: 7/49
    34 | D        | Noticed a sculptor of flesh
    34 | D        | Noticed a meat berserker
    36 | D        | Noticed a meat berserker
    36 | D        | Reached XP level 18. HP: 109/109 MP: 50/50
    37 | D        | Noticed a destroyer
    37 | D        | Noticed a large bag of meat
    37 | D        | Noticed a large bag of meat
    37 | D        | Reached skill level 27 in Stealth
    38 | D        | Noticed a destroyer
    39 | D        | Noticed a destroyer
    39 | D        | Killed a destroyer
    39 | D        | Reached skill level 27 in Invocations
    39 | D        | Reached XP level 19. HP: 94/113 MP: 51/51
    41 | D        | Killed a meat berserker
    41 | D        | Noticed a destroyer
    42 | D        | Killed a large bag of meat
    42 | D        | Reached ****** piety under Makhleb
    43 | D        | Killed a meat berserker
    43 | D        | Reached XP level 20. HP: 118/118 MP: 52/52
    44 | D        | Slain by a large bag of meat
    45 | D        | Reached XP level 19. HP: -4/113 MP: 51/51
    45 | D        | Noticed a destroyer
    45 | D        | Noticed a large bag of meat
    46 | D        | Killed a destroyer
    47 | D        | Reached XP level 20. HP: 118/118 MP: 52/52
    51 | D        | Killed a destroyer
    51 | D        | Reached XP level 21. HP: 122/122 MP: 53/53
    53 | D        | Killed a destroyer
    55 | D        | Noticed a tyrant
    55 | D        | Killed a destroyer
    55 | D        | Reached XP level 22. HP: 105/127 MP: 54/54
    59 | D        | Noticed an accursed
    59 | D        | Mangled by a bag of meat
    60 | D        | Reached XP level 21. HP: -9/122 MP: 53/53
    60 | D        | Noticed a tyrant
    60 | D        | Noticed a destroyer
    60 | D        | Noticed a destroyer
    60 | D        | Noticed The Servant
    60 | D        | Noticed a tyrant
    60 | D        | Killed The Servant
    60 | D        | Reached XP level 22. HP: 127/127 MP: 54/54
    61 | D        | Noticed a destroyer
    62 | D        | Killed a tyrant
    63 | D        | Noticed an accursed
    63 | D        | Noticed a dread
    64 | D        | Killed a destroyer
    64 | D        | Reached XP level 23. HP: 131/131 MP: 55/55
    67 | D        | Killed a destroyer
    69 | D        | Reached XP level 24. HP: 106/136 MP: 55/55
    71 | D        | Noticed The Captor
    75 | D        | Reached XP level 25. HP: 140/140 MP: 55/55
    76 | D        | Noticed a destroyer
    78 | D        | Killed a tyrant
    78 | D        | Noticed a meat beast
    79 | D        | Noticed a meat beast
    80 | D        | Noticed a meat beast
    80 | D        | Killed a tyrant
    81 | D        | Reached XP level 26. HP: 125/145 MP: 55/55
    82 | D        | HP: 7/145 [bag of meat/+9 war axe (39)]
    83 | D        | Killed a dread
    83 | D        | Slain by a bag of meat
    84 | D        | Reached XP level 25. HP: 0/140 MP: 55/55
    84 | D        | Noticed a dread
    84 | D        | Killed a meat beast
    84 | D        | Reached XP level 26. HP: 145/145 MP: 55/55
    86 | D        | Killed a dread
    87 | D        | Killed a destroyer
    87 | D        | Reached XP level 27. HP: 149/149 MP: 55/55
    89 | D        | Annihilated by a meat berserker
    90 | D        | Reached XP level 26. HP: -32/145 MP: 55/55
    90 | D        | Noticed a tyrant
    94 | D        | Noticed an accursed
    96 | D        | Noticed a meat beast
    97 | D        | Noticed a destroyer
    98 | D        | Noticed a dread
    98 | D        | Reached XP level 27. HP: 149/149 MP: 55/55
    99 | D        | Noticed an accursed
    99 | D        | Killed a meat beast
   104 | D        | Killed a meat beast
   105 | D        | Killed a destroyer
   106 | D        | Noticed a meat beast
   106 | D        | Killed a dread
   110 | D        | Killed an accursed
   113 | D        | Killed a meat beast
   117 | D        | Noticed a dread
   118 | D        | Killed an accursed
   120 | D        | Noticed a dread
   121 | D        | Noticed a dread
   123 | D        | Noticed a dread
   124 | D        | Killed a dread
   126 | D        | Noticed a fleshlord
   126 | D        | Noticed a dread
   126 | D        | Killed a tyrant
   129 | D        | Killed from afar by an accursed
   130 | D        | Noticed a fleshlord
   130 | D        | Noticed a dread
   135 | D        | Noticed a meat beast
   137 | D        | Killed a fleshlord
   139 | D        | Killed a meat beast
   141 | D        | Noticed a dread
   141 | D        | Killed a destroyer
   142 | D        | Noticed a meat beast
   143 | D        | Noticed The Defiler
   145 | D        | Noticed a fleshlord
   147 | D        | Killed a meat beast
   148 | D        | Killed a dread
   150 | D        | Killed a meat beast
   150 | D        | Noticed a destroyer
   151 | D        | Noticed a fleshlord
   152 | D        | Killed from afar by a large bag of meat
   153 | D        | Noticed a fleshlord
   153 | D        | Noticed a fleshlord
   153 | D        | Noticed The Meatlord
   153 | D        | Noticed a meat beast
   154 | D        | Noticed a fleshlord
   154 | D        | Killed from afar by The Defiler
   156 | D        | Noticed a meat beast
   156 | D        | Noticed a fleshlord
   156 | D        | Noticed a meat beast
   156 | D        | Noticed a fleshlord
   156 | D        | Noticed a fleshlord
   156 | D        | Noticed an accursed
   156 | D        | Noticed a dread
   157 | D        | Noticed a dread
   157 | D        | Killed a fleshlord
   157 | D        | Killed from afar by a wretched soul

Vault maps used:
D:        meatsprint

Skill      XL: |  1  2  3  4  5  6  7  8  9 10 11 12 13 14 15 16 17 18 |
---------------+-------------------------------------------------------+-----
Fighting       | 9 13 15 18 21 24 27 | 27.0
Dodging        | 16 22 25 27 | 27.0
Unarmed Combat | 9 13 15 18 22 25 27 | 27.0
Spellcasting   | 11 15 17 19 23 25 27 | 27.0
Translocations | 24 27 | 27.0
Stealth        | 25 27 | 27.0
Invocations    | 19 27 | 27.0

Action                   |  1- 3 |  4- 6 |  7- 9 | 10-12 | 13-15 | 16-18 | 19-21 | 22-24 | 25-27 || total
-------------------------+-------+-------+-------+-------+-------+-------+-------+-------+-------++-------
Melee: Unarmed           |     1 |       |       |     1 |     4 |     9 |    17 |    19 |    73 ||   124
  Use: Scroll            |       |       |       |       |       |       |       |       |     1 ||     1
